EL
CORPUS CHRISTI HOOKS @ ARKANSAS TRAVELERS
08/26/2044
 
TOP OF THE 1ST
Corpus Christi Hooks batting - Pitching for Arkansas Travelers : RHP Andino Calzaghe
Pitching: RHP Andino Calzaghe
Batting: RHB Paul Shell 0-0: Swinging Strike
0-1: Foul Ball, location: 2F
0-2: Ball
1-2: Foul Ball, location: 2F
1-2: Ball
2-2: Strikes out swinging
Batting: RHB Antonio Gamez 0-0: Ball
1-0: Ball
2-0: Called Strike
2-1: Ball
3-1: Foul Ball, location: 2F
3-2: Ground out 4-3 (Groundball, 4, EV 85.6 MPH)
Batting: LHB Angelo Vasquez 0-0: Ball
1-0: TRIPLE (Flyball, 9LD, EV 97.5 MPH)
Batting: LHB Alexis Montoya 0-0: Called Strike
0-1: Ball
1-1: Foul Ball, location: 2F
1-2: Ball
2-2: Strikes out swinging
Top of the 1st over - 0 runs, 1 hit, 0 errors, 1 left on base; Corpus Christi 0 - Arkansas 0
BOTTOM OF THE 1ST
Arkansas Travelers batting - Pitching for Corpus Christi Hooks : RHP Isaiah McLaurin
Pitching: RHP Isaiah McLaurin
Batting: RHB Melvin Gomez 0-0: Ball
1-0: Fly out, F8 (Flyball, 78XD, EV 103.8 MPH)
Batting: RHB Bjoern Waltersson 0-0: Foul Ball, location: 2F
0-1: Foul Ball, location: 2F
0-2: Strikes out looking
Batting: LHB Matt Calitri 0-0: Called Strike
0-1: Ball
1-1: Fly out, F9 (Flyball, 9LM, EV 88.8 MPH)
Bottom of the 1st over - 0 runs, 0 hits, 0 errors, 0 left on base; Corpus Christi 0 - Arkansas 0
TOP OF THE 2ND
Corpus Christi Hooks batting - Pitching for Arkansas Travelers : RHP Andino Calzaghe
Batting: RHB Jamie Jennings 0-0: Ball
1-0: Ball
2-0: Ball
3-0: Called Strike
3-1: Foul Ball, location: 2F
3-2: Ground out 5-3 (Groundball, 5S, EV 68.8 MPH)
Batting: RHB Pete Isley 0-0: Foul Ball, location: 2F
0-1: Ball
1-1: Foul Ball, location: 2F
1-2: Strikes out swinging
Batting: SHB Malik Whitted 0-0: Called Strike
0-1: Swinging Strike
0-2: Ball
1-2: Foul Ball, location: 2F
1-2: Strikes out swinging
Top of the 2nd over - 0 runs, 0 hits, 0 errors, 0 left on base; Corpus Christi 0 - Arkansas 0
BOTTOM OF THE 2ND
Arkansas Travelers batting - Pitching for Corpus Christi Hooks : RHP Isaiah McLaurin
Batting: RHB Oren Jones 0-0: Called Strike
0-1: Ball
1-1: Ball
2-1: Foul Ball, location: 2F
2-2: Ball
3-2: Foul Ball, location: 2F
3-2: Foul Ball, location: 2F
3-2: Ground out 6-3 (Groundball, 56, EV 106.9 MPH)
Batting: LHB Barrfhionn O'Toole 0-0: Called Strike
0-1: Ball
1-1: Swinging Strike
1-2: Strikes out swinging
Batting: RHB Jose Pineda 0-0: Foul Ball, location: 2F
0-1: Ball
1-1: Swinging Strike
1-2: Ground out U3 (Groundball, 34S, EV 90.6 MPH)
Bottom of the 2nd over - 0 runs, 0 hits, 0 errors, 0 left on base; Corpus Christi 0 - Arkansas 0
TOP OF THE 3RD
Corpus Christi Hooks batting - Pitching for Arkansas Travelers : RHP Andino Calzaghe
Batting: RHB Jim Huff 0-0: Ball
1-0: Ground out 2-3 (Groundball, 2R, EV 70.6 MPH)
Batting: RHB Chris McGrath 0-0: Fly out, F8 (Flyball, 8LD, EV 110.6 MPH)
Batting: RHB Paul Shell 0-0: Ball
1-0: Foul Ball, location: 2F
1-1: Foul Ball, location: 2F
1-2: Ball
2-2: Fly out, F9 (Flyball, 9S, EV 91.3 MPH)
Top of the 3rd over - 0 runs, 0 hits, 0 errors, 0 left on base; Corpus Christi 0 - Arkansas 0
BOTTOM OF THE 3RD
Arkansas Travelers batting - Pitching for Corpus Christi Hooks : RHP Isaiah McLaurin
Batting: LHB Tyler Meier 0-0: Ball
1-0: SINGLE (Groundball, 3S, EV 68.8 MPH) (infield hit)
Batting: RHB David Young 0-0: Reached on error, E6 (Groundball, 6, EV 81.3 MPH)
Tyler Meier to second
Batting: RHB Roberto Martinez 0-0: Called Strike
0-1: Ball
1-1: Ball
2-1: Grounds into double play, 6-4-3 (Groundball, 6, EV 77.5 MPH)
Tyler Meier to third
Batting: RHB Melvin Gomez 0-0: Ball
1-0: Foul Ball, location: 2F
1-1: Called Strike
1-2: Ball
2-2: Ball
3-2: Base on Balls
Batting: RHB Bjoern Waltersson 0-0: Foul Ball, location: 2F
0-1: Ball
1-1: Ball
2-1: Foul Ball, location: 2F
2-2: Hit by Pitch
Melvin Gomez to second
Batting: LHB Matt Calitri 0-0: Foul Ball, location: 2F
0-1: Foul Ball, location: 2F
0-2: Ball
1-2: Strikes out swinging
Bottom of the 3rd over - 0 runs, 1 hit, 1 error, 3 left on base; Corpus Christi 0 - Arkansas 0
TOP OF THE 4TH
Corpus Christi Hooks batting - Pitching for Arkansas Travelers : RHP Andino Calzaghe
Batting: RHB Antonio Gamez 0-0: Ground out 5-3 (Groundball, 25, EV 92.5 MPH)
Batting: LHB Angelo Vasquez 0-0: Ball
1-0: Ground out 5-3 (Groundball, 56S, EV 82.5 MPH)
Batting: LHB Alexis Montoya 0-0: Ball
1-0: Foul Ball, location: 2F
1-1: Ball
2-1: Swinging Strike
2-2: Ground out 1-3 (Groundball, 15S, EV 68.8 MPH)
Top of the 4th over - 0 runs, 0 hits, 0 errors, 0 left on base; Corpus Christi 0 - Arkansas 0
BOTTOM OF THE 4TH
Arkansas Travelers batting - Pitching for Corpus Christi Hooks : RHP Isaiah McLaurin
Batting: RHB Oren Jones 0-0: Called Strike
0-1: Ball
1-1: Swinging Strike
1-2: Ball
2-2: Foul Ball, location: 2F
2-2: Ball
3-2: Base on Balls
Batting: LHB Barrfhionn O'Toole 0-0: Ball
1-0: Swinging Strike
1-1: Foul Ball, location: 2F
1-2: Strikes out swinging
Batting: RHB Jose Pineda 0-0: Ball
1-0: Ball
2-0: Called Strike
2-1: SINGLE (Line Drive, 9S, EV 108.1 MPH)
Oren Jones to second
Batting: LHB Tyler Meier 0-0: Called Strike
0-1: Ball
1-1: Swinging Strike
1-2: Foul Ball, location: 2F
1-2: SINGLE (Groundball, 34D, EV 95.0 MPH)
Oren Jones to third
Jose Pineda to second
Batting: RHB David Young 0-0: Called Strike
0-1: Called Strike
0-2: Ball
1-2: Strikes out swinging
Batting: RHB Roberto Martinez 0-0: Foul Ball, location: 2F
0-1: Ball
1-1: Called Strike
1-2: Strikes out swinging
Bottom of the 4th over - 0 runs, 2 hits, 0 errors, 3 left on base; Corpus Christi 0 - Arkansas 0
TOP OF THE 5TH
Corpus Christi Hooks batting - Pitching for Arkansas Travelers : RHP Andino Calzaghe
Batting: RHB Jamie Jennings 0-0: Swinging Strike
0-1: SINGLE (Groundball, 56D, EV 96.9 MPH)
Batting: RHB Pete Isley 0-0: Called Strike
0-1: SINGLE (Groundball, 56D, EV 105.0 MPH)
Jamie Jennings to second
Batting: SHB Malik Whitted 0-0: Ball
1-0: Ball
2-0: Called Strike
2-1: Swinging Strike
2-2: Ball
3-2: Grounds into double play, 3-6-3 (Groundball, 34S, EV 78.1 MPH)
Jamie Jennings to third
Batting: RHB Jim Huff 0-0: DOUBLE (Flyball, 8RXD, EV 92.5 MPH)
Jamie Jennings scores
Batting: RHB Chris McGrath 0-0: Foul Ball, location: 2F
0-1: Foul Ball, location: 2F
0-2: Strikes out looking
Top of the 5th over - 1 run, 3 hits, 0 errors, 1 left on base; Corpus Christi 1 - Arkansas 0
BOTTOM OF THE 5TH
Arkansas Travelers batting - Pitching for Corpus Christi Hooks : RHP Isaiah McLaurin
Batting: RHB Melvin Gomez 0-0: Ball
1-0: SINGLE (Groundball, 6M, EV 109.4 MPH)
Batting: RHB Bjoern Waltersson 0-0: Called Strike
0-1: Ball
Melvin Gomez steals 2nd base (no throw)
1-1: DOUBLE (Line Drive, 3D, EV 96.9 MPH)
Melvin Gomez scores
Batting: LHB Matt Calitri 0-0: Called Strike
0-1: Foul Ball, location: 2F
0-2: Strikes out swinging
Batting: RHB Oren Jones 0-0: Ball
1-0: Hit by Pitch
Batting: LHB Barrfhionn O'Toole 0-0: Ball
Bjoern Waltersson steals 3rd base
1-0: Ball
2-0: Ball
3-0: Base on Balls
Oren Jones to second
Batting: RHB Jose Pineda 0-0: Swinging Strike
0-1: Ball
1-1: Ball
2-1: Ball
3-1: Base on Balls
Bjoern Waltersson scores
Oren Jones to third
Barrfhionn O'Toole to second
Pitching: RHP Joe Rivin
Batting: LHB Tyler Meier 0-0: Ball
1-0: DOUBLE (Flyball, 8LXD, EV 108.1 MPH)
Oren Jones scores
Barrfhionn O'Toole scores
Jose Pineda to third
Runner from 3rd tries for Home, SAFE, throw by CF to home
Pinch Hitting: LHB Sean Corderman 0-0: Ball
Tyler Meier steals 3rd base
1-0: Ball
2-0: DOUBLE (Groundball, 3L, EV 95.6 MPH)
Tyler Meier scores
Batting: RHB Roberto Martinez 0-0: Ball
1-0: Foul Ball, location: 2F
1-1: Called Strike
1-2: Strikes out looking
Batting: RHB Melvin Gomez 0-0: SINGLE (Line Drive, 78M, EV 89.4 MPH)
Sean Corderman to third
Runner from 3rd tries for Home, SAFE, throw by LF to home
Batting: RHB Bjoern Waltersson 0-0: Called Strike
0-1: Called Strike
0-2: Ball
Melvin Gomez steals 2nd base (no throw)
1-2: Foul Ball, location: 2F
1-2: Ground out 5-3 (Groundball, 56, EV 86.3 MPH)
Bottom of the 5th over - 7 runs, 5 hits, 0 errors, 1 left on base; Corpus Christi 1 - Arkansas 7
TOP OF THE 6TH
Corpus Christi Hooks batting - Pitching for Arkansas Travelers : RHP Andino Calzaghe
Now at 2B: Jasper Burd
Now at SS: Jose Pineda
Batting: RHB Paul Shell 0-0: Called Strike
0-1: Ball
1-1: Ball
2-1: Ground out 6-3 (Groundball, 6, EV 81.3 MPH)
Batting: RHB Antonio Gamez 0-0: Foul Ball, location: 2F
0-1: Ball
1-1: Ball
2-1: Called Strike
2-2: Strikes out swinging
Batting: LHB Angelo Vasquez 0-0: Foul Ball, location: 2F
0-1: Swinging Strike
0-2: Ball
1-2: Ground out 6-3 (Groundball, 6, EV 105.0 MPH)
Top of the 6th over - 0 runs, 0 hits, 0 errors, 0 left on base; Corpus Christi 1 - Arkansas 7
BOTTOM OF THE 6TH
Arkansas Travelers batting - Pitching for Corpus Christi Hooks : RHP Joe Rivin
Batting: LHB Matt Calitri 0-0: Foul Ball, location: 2F
0-1: Ball
1-1: Called Strike
1-2: Ball
2-2: Ball
3-2: Foul Ball, location: 2F
3-2: Base on Balls
Batting: RHB Oren Jones 0-0: Called Strike
0-1: Swinging Strike
0-2: Ball
1-2: SINGLE (Groundball, 56, EV 99.4 MPH)
Matt Calitri to second
Batting: LHB Barrfhionn O'Toole 0-0: Foul Ball, location: 2F
0-1: Called Strike
0-2: Ball
1-2: Fielders Choice at 2nd, 3-6 (Groundball, 34, EV 81.9 MPH)
Matt Calitri to third
Batting: RHB Jose Pineda 0-0: Called Strike
0-1: Ball
1-1: Fly out, F3 (Popup, 3SF, EV 74.4 MPH)
Batting: LHB Tyler Meier 0-0: Ball
Wild Pitch!
Matt Calitri scores
Barrfhionn O'Toole to second
1-0: Ball
2-0: Ball
3-0: Base on Balls
Batting: RHB Jasper Burd 0-0: Ball
1-0: Foul Ball, location: 2F
1-1: Foul Ball, location: 2F
1-2: Strikes out swinging
Bottom of the 6th over - 1 run, 1 hit, 0 errors, 2 left on base; Corpus Christi 1 - Arkansas 8
TOP OF THE 7TH
Corpus Christi Hooks batting - Pitching for Arkansas Travelers : RHP Andino Calzaghe
Pitching: RHP Harambe Vick
Batting: LHB Alexis Montoya 0-0: Ball
1-0: Called Strike
1-1: Foul Ball, location: 2F
1-2: Strikes out swinging
Batting: RHB Jamie Jennings 0-0: Ball
1-0: Swinging Strike
1-1: Ball
2-1: Foul Ball, location: 2F
2-2: Foul Ball, location: 2F
2-2: Ball
3-2: Foul Ball, location: 2F
3-2: Base on Balls
Batting: RHB Pete Isley 0-0: Swinging Strike
0-1: Fly out, F9 (Flyball, 9LM, EV 108.1 MPH)
Batting: SHB Malik Whitted 0-0: Swinging Strike
0-1: Called Strike
0-2: Ball
1-2: Strikes out swinging
Top of the 7th over - 0 runs, 0 hits, 0 errors, 1 left on base; Corpus Christi 1 - Arkansas 8
BOTTOM OF THE 7TH
Arkansas Travelers batting - Pitching for Corpus Christi Hooks : RHP Joe Rivin
Pitching: RHP John Zike
Batting: RHB Roberto Martinez 0-0: Called Strike
0-1: Reached on error, E1 (Groundball, 13S, EV 70.0 MPH)
Batting: RHB Melvin Gomez 0-0: Ground out 4-3 (Groundball, 4, EV 78.8 MPH)
Roberto Martinez to third
Pinch Hitting: SHB Mario Padron 0-0: Called Strike
0-1: Fly out, F4 (Line Drive, 4, EV 72.5 MPH)
Lined into DP, 4-5 (Line Drive, 4, EV 67.5 MPH)
Bottom of the 7th over - 0 runs, 0 hits, 1 error, 0 left on base; Corpus Christi 1 - Arkansas 8
TOP OF THE 8TH
Corpus Christi Hooks batting - Pitching for Arkansas Travelers : RHP Harambe Vick
Now in CF: Mario Padron
Batting: RHB Jim Huff 0-0: Called Strike
0-1: Ball
1-1: Ball
2-1: Called Strike
2-2: Foul Ball, location: 2F
2-2: Strikes out swinging
Batting: RHB Chris McGrath 0-0: Swinging Strike
0-1: Ground out 6-3 (Groundball, 6, EV 105.0 MPH)
Batting: RHB Paul Shell 0-0: Foul Ball, location: 2F
0-1: Fly out, F9 (Flyball, 9LM, EV 92.5 MPH)
Top of the 8th over - 0 runs, 0 hits, 0 errors, 0 left on base; Corpus Christi 1 - Arkansas 8
BOTTOM OF THE 8TH
Arkansas Travelers batting - Pitching for Corpus Christi Hooks : RHP John Zike
Batting: LHB Matt Calitri 0-0: Foul Ball, location: 2F
0-1: Ball
1-1: Fly out, F7 (Flyball, 78D, EV 108.1 MPH)
Batting: RHB Oren Jones 0-0: Called Strike
0-1: Ball
1-1: Ball
2-1: Called Strike
2-2: Ball
3-2: Fly out, F8 (Line Drive, 8LM, EV 100.6 MPH)
Batting: LHB Barrfhionn O'Toole 0-0: Called Strike
0-1: Fly out, F8 (Flyball, 8LXD, EV 98.8 MPH)
Bottom of the 8th over - 0 runs, 0 hits, 0 errors, 0 left on base; Corpus Christi 1 - Arkansas 8
TOP OF THE 9TH
Corpus Christi Hooks batting - Pitching for Arkansas Travelers : RHP Harambe Vick
Batting: RHB Antonio Gamez 0-0: Called Strike
0-1: Ball
1-1: Foul Ball, location: 2F
1-2: Ball
2-2: Ground out 4-3 (Groundball, 34, EV 103.8 MPH)
Pitching: RHP Eric Cunningham
Batting: LHB Angelo Vasquez 0-0: Called Strike
0-1: Ground out U3 (Groundball, 3, EV 90.6 MPH)
Batting: LHB Alexis Montoya 0-0: Called Strike
0-1: DOUBLE (Line Drive, 8RXD, EV 105.0 MPH)
Batting: RHB Jamie Jennings 0-0: Swinging Strike
0-1: Foul Ball, location: 2F
0-2: Strikes out swinging
Top of the 9th over - 0 runs, 1 hit, 0 errors, 1 left on base; Corpus Christi 1 - Arkansas 8
Thursday, March 31st , 2022 - OOTP Baseball 22.12 Build 89